 Dungeon Crawl Stone Soup version 0.26.1-11-gd32895ea62 (webtiles) character file.

Game seed: 5187374880036422076

20 Elvor the Sneak (level 2, 0/19 HPs)
             Began as a Gargoyle Delver on Apr 15, 2021.
             Slain by a rat (1 damage)
             ... in a sewer.
             The game lasted 00:04:35 (344 turns).

Elvor the Sneak (Gargoyle Delver)                    Turns: 344, Time: 00:04:35

Health: 0/19       AC:  5    Str: 15    XL:     2   Next: 79%
Magic:  2/2        EV: 11    Int: 10    God:
Gold:   0          SH:  0    Dex: 11    Spells: 1/1 levels left

rFire    . . .     SeeInvis .   a - +0 mace
rCold    . . .     Faith    .   (no shield)
rNeg     + . .     Spirit   .   b - +0 leather armour
rPois    ∞         Reflect  .   (no helmet)
rElec    +         Harm     .   (no cloak)
rCorr    .         Rampage  .   (no gloves)
Will     .....                  (no boots)
Stlth    +++.......             (no amulet)
HPRegen  0.06/turn              (no ring)
MPRegen  0.08/turn              (no ring)

@: mesmerised, hasted, very quick
A: negative energy resistance 1, electricity resistance, unbreathing,
petrification resistance, miasma immunity, AC +2
a: no special abilities


You were in a sewer.
You visited 1 branch of the dungeon, and saw 1 of its levels.
You also visited: Sewer.

Inventory:

Hand Weapons
 a - a +0 mace (weapon)
Missiles
 d - 19 sling bullets
Armour
 b - a +0 leather armour (worn)
Wands
 g - a wand of digging (3)
Scrolls
 c - a scroll of fog
 e - a scroll of fear
 h - a scroll of teleportation {unknown}


   Skills:
 + Level 3.5 Fighting
 + Level 2.1 Maces & Flails
 + Level 1.6 Dodging
 + Level 6.0 Stealth


You had one spell level left.
You didn't know any spells.
Your spell library was empty.

Dungeon Overview and Level Annotations

Branches:
Dungeon (5/15)              Sewer (1/1)
 Temple: D:4-7

Altars:

Shops:
D:5 ?[


Innate Abilities, Weirdness & Mutations

You are resistant to torment.
Your stone body is resilient. (AC +2)
You are immune to poison.
You resist negative energy. (rN+)
You are resistant to electric shocks. (rElec)
You can survive without breathing.
You are immune to petrification.
You are immune to miasma.


Message History

The sickly merfolk siren chants its luring song.
You completely miss the frilled lizard.
The frilled lizard bites you but does no damage.
The sickly merfolk siren chants its luring song.
You barely miss the frilled lizard. The frilled lizard barely misses you.
You closely miss the frilled lizard.
The sickly merfolk siren chants its luring song.
The frilled lizard bites you but does no damage.
The rat barely misses you.
You hear an angry hiss.
You miss the frilled lizard.
The sickly merfolk siren chants its luring song.
The frilled lizard bites you.
* * * LOW HITPOINT WARNING * * *
The rat bites you but does no damage.
You hit the frilled lizard.
You kill the frilled lizard!
The sickly merfolk siren chants its luring song.
The rat bites you.
You die...

##.≈## ######.≈≈≈###
....†.≈≈≈≈∩∩#
#############
≈≈≈≈≈≈≈≈≈≈##########
..≈..†≈≈≈≈≈≈≈≈≈≈≈≈≈#
#..#############m≈≈###
#### #.#≈≈≈###r#
#@##≈≈≈≈≈mS
#.rB..r.≈≈≈
#######...≈ . .


You could see a sickly merfolk siren (mesmerising), a giant cockroach and 2
rats.

Vanquished Creatures
  4 leopard geckos (D:5)
  3 giant cockroaches (D:5)
  4 frilled lizards (Sewer)
  8 rats (Sewer)
19 creatures vanquished.

Notes
Turn   | Place    | Note
-------+----------+-------------------------------------------
     0 | D:5      | Elvor the Gargoyle Delver began the quest for the Orb.
     0 | D:5      | Reached XP level 1. HP: 14/14 MP: 1/1
    52 | D:5      | Found a glowing drain.
    56 | D:5      | Reached XP level 2. HP: 11/19 MP: 2/2
    91 | Sewer    | Entered a sewer
   290 | Sewer    | Reached skill level 6 in Stealth
   330 | Sewer    | Noticed a sickly merfolk siren
   344 | Sewer    | Slain by a rat

Illustrated notes

Levels and vault maps discovered:
D:5:      layout_layer_cave, serial_shops, shop,
          nicolae_shop_temple_entry_statues_fountains, shop, nicolae_shop_stone,
          shop, gup_sewer_entry_pipe, grunt_ashenzari_visionary
          [grunt_ashenzari_visionary_shoals, grunt_ashenzari_visionary_snake],
          uniq_blork_the_orc, uniq_sigmund
Sewer:    sewer_sea

Skill      XL: |  1  2 |
---------------+-------+-----
Stealth        | 6 |  6.0
Fighting       | |  3.5
Maces & Flails | |  2.1
Dodging        | |  1.6

Action                   || total
-------------------------++-------
Melee: Mace              ||    56
  Use: Scroll            ||     1
       Potion            ||     1
 Stab: Sleeping          ||     2
Armor: Leather armour    ||    18
Dodge: Dodged            ||    19
